 Dungeon Crawl Stone Soup version 0.29-a0-506-ga2e7fffb44 (webtiles) character file.

Game seed: 14761626275410836658

245 kyalle the Skirmisher (level 5, -3/48 HPs)
             Began as a Minotaur Fighter on May 28, 2022.
             Slain by Terence
             ... wielding a +2 morningstar of protection
              (4 damage)
             ... on level 2 of the Dungeon.
             The game lasted 00:06:25 (1801 turns).

kyalle the Skirmisher (Minotaur Fighter)            Turns: 1801, Time: 00:06:25

Health: -3/48      AC: 13    Str: 22    XL:     5   Next: 84%
Magic:  4/4        EV:  6    Int:  5    God:
Gold:   141        SH:  4    Dex: 10    Spells: 4/4 levels left

rFire   . . .      SeeInvis .   a - +0 flail
rCold   . . .      Faith    .   c - +0 buckler
rNeg    . . .      Spirit   .   g - +1 plate armour
rPois   .          Reflect  .   (helmet restricted)
rElec   .          Harm     .   (no cloak)
rCorr   .          Rampage  .   (no gloves)
Will    .....                   (no boots)
Stlth   ..........              (no amulet)
HPRegen 0.16/turn               (no ring)
MPRegen 0.09/turn               (no ring)

@: no status effects
A: horns 2, retaliatory headbutt
a: no special abilities


You were on level 2 of the Dungeon.
You visited 1 branch of the dungeon, and saw 2 of its levels.

You collected 141 gold pieces.

Inventory:

Hand Weapons
 a - a +0 flail (weapon)
Armour
 b - a +0 scale mail
 c - a +0 buckler (worn)
 g - a +1 plate armour (worn)
Wands
 n - a wand of polymorph (4)
Scrolls
 i - 2 scrolls of identify
 j - a scroll of teleportation
 k - 2 scrolls of noise {unknown}
 l - a scroll of immolation {unknown}
 m - a scroll of poison {unknown}
Potions
 d - a potion of might
 f - a potion of resistance {unknown}
 h - a potion of curing


   Skills:
 * Level 5.5 Fighting
 * Level 4.6 Maces & Flails
 + Level 4.6 Armour
 + Level 4.5 Shields


You had 4 spell levels left.
You didn't know any spells.
Your spell library contained the following spells:

 Spells                   Type           Power      Damage    Failure   Level
 Blink                    Tloc           0%         N/A       100%        2
 Lesser Beckoning         Tloc           0%         N/A       100%        3
 Manifold Assault         Tloc           0%         N/A       100%        5


Dungeon Overview and Level Annotations

Branches:
Dungeon (2/15)

Altars:

Annotations:
D:2 Terence


Innate Abilities, Weirdness & Mutations

You have a pair of horns on your head.
You reflexively headbutt those who attack you in melee.


Message History

The kobold hits you but does no damage. Terence hits you but does no damage.
You block the kobold's attack.
Terence hits you with a +2 morningstar of protection!
You closely miss the kobold.
The kobold is heavily wounded.
The kobold barely misses you. You furiously retaliate!
You headbutt the kobold.
Terence hits you with a +2 morningstar of protection.
You hit the kobold but do no damage. Your headbutt misses the kobold.
The kobold is severely wounded.
The kobold barely misses you. Terence hits you but does no damage.
You closely miss Terence.
Terence is moderately wounded.
The kobold completely misses you. Terence barely misses you.
You furiously retaliate!
You headbutt Terence.
Blink to where?
Press: ? - help, Dir - move target
Okay, then.
Blink to where?
Press: ? - help, Dir - move target
As you read the scroll of blinking, it crumbles to dust.
You see here a +0 short sword.
You block Terence's attack.
You hit Terence but do no damage. You headbutt Terence.
Terence is heavily wounded.
You block Terence's attack.
You hit Terence.
Terence is severely wounded.
Terence hits you with a +2 morningstar of protection!
* * * LOW HITPOINT WARNING * * *
You closely miss Terence. Your headbutt misses Terence.
Terence is severely wounded.
Terence says, "Time to say good-bye..."
Terence hits you with a +2 morningstar of protection!
* * * LOW HITPOINT WARNING * * *
You hit Terence but do no damage.
Terence is severely wounded.
Terence barely misses you. You furiously retaliate!
You headbutt Terence, but do no damage.
Terence hits you with a +2 morningstar of protection.
You die...

..# ##....<......# #.#
#########.#..##....#.## ..#
#........###..........##
..#####.####.##.#.####.#.###.####
...†.........###.## #...# #.....
#.#####.###### #.# ###.###.####
#.# #.# #.# ##...## ..#####.# #.#
##.## ........# #@# #.# .##.#####
#@# #.###### ##...## #r# #.......
#.....## #K# ######## .......##
#.# @......r########)#
..)....#..@......#
#........######### ##...#####


You could see Terence, a quokka and a kobold.

Vanquished Creatures
  Sigmund (D:2)
  Robin (D:2)
  3 worms (D:2)
  4 dart slugs
  3 ball pythons
  4 endoplasms (D:1)
  A giant cockroach (D:1)
  6 hobgoblins
  9 jackals (D:1)
  2 kobolds (D:1)
  A quokka (D:1)
  5 bats
  12 goblins
  4 rats
56 creatures vanquished.

Notes
Turn   | Place    | Note
-------+----------+-------------------------------------------
     0 | D:1      | kyalle the Minotaur Fighter began the quest for the Orb.
     0 | D:1      | Reached XP level 1. HP: 19/19 MP: 0/0
   223 | D:1      | Reached XP level 2. HP: 27/27 MP: 1/1
   301 | D:1      | Reached skill level 4 in Fighting
   515 | D:1      | Reached XP level 3. HP: 25/33 MP: 2/2
  1013 | D:2      | Noticed Robin
  1034 | D:2      | Killed Robin
  1049 | D:2      | Reached XP level 4. HP: 15/41 MP: 3/3
  1247 | D:2      | Noticed Sigmund
  1266 | D:2      | Killed Sigmund
  1267 | D:2      | Reached skill level 5 in Fighting
  1267 | D:2      | Reached XP level 5. HP: 46/48 MP: 4/4
  1296 | D:2      | Found a faded altar of an unknown god.
  1762 | D:2      | Noticed Terence
  1800 | D:2      | HP: 1/48 [Terence/+2 morningstar of protection (11)]
  1801 | D:2      | Slain by Terence

Illustrated notes

Levels and vault maps discovered:
D:1:      roderic_dead_forest, layout_rooms, minmay_tetromino_o4
D:2:      layout_loops_ring, ebering_ecumenical_altar_mist, uniq_terence,
          uniq_sigmund, uniq_robin

Skill      XL: |  1  2  3  4 |
---------------+-------------+-----
Fighting       | 4 5 |  5.5
Maces & Flails | 3 4 |  4.6
Armour         | 4 |  4.6
Shields        | 4 |  4.5

Action                   |  1- 3 |  4- 6 || total
-------------------------+-------+-------++-------
Melee: Flail             |    77 |    39 ||   116
       Headbutt          |    12 |     6 ||    18
  Use: Scroll            |     5 |     1 ||     6
Armor: Scale mail        |    47 |       ||    47
       Plate armour      |    13 |    23 ||    36
Dodge: Dodged            |    52 |    20 ||    72
Block: Buckler           |    28 |    11 ||    39

Table legend: (Time is in decaauts)
 A = Elapsed time spent in this place.
 B = Non-inter-level travel time spent in this place.
 C = Inter-level travel time spent in this place.
 D = Time resting spent in this place.
 E = Time spent auto-exploring this place.
 F = Levels seen in this place.
 G = Mean time per level.
                   A        B        C        D        E       F      G
               +--------+--------+--------+--------+--------+-----+--------+
         Total |   1831 |   1768 |     63 |      0 |   1239 |   2 |  915.5 |
       Dungeon |   1831 |   1768 |     63 |      0 |   1239 |   2 |  915.5 |
               +--------+--------+--------+--------+--------+-----+--------+

Top non-repeatable levels by time:
     D:1: 1006 daAuts
     D:2: 824 daAuts
